 Dungeon Crawl Stone Soup version 0.19.1-1-g22dce08 (webtiles) character file.

168 nikopol the Skirmisher (level 5, -2/33 HPs)
             Began as a Gargoyle Berserker on Jan 9, 2017.
             Was a Believer of Trog.
             Slain by Grinder (3 damage)
             ... on level 3 of the Dungeon.
             The game lasted 00:04:26 (2415 turns).

nikopol the Skirmisher (Gargoyle Berserker)         Turns: 2415, Time: 00:04:27

Health: -2/33      AC:  9    Str: 20    XL:     5   Next: 48%
Magic:  5/5        EV: 11    Int:  8    God:    Trog [**....]
Gold:   113        SH:  0    Dex: 10    Spells: 0 memorised, 4 levels left

rFire  . . .     SeeInvis .     a - +0 hand axe
rCold  . . .     Gourm    .     w - +0 ring mail
rNeg   + . .     Faith    .     (no shield)
rPois  ∞         Spirit   .     (no helmet)
rElec  +         Reflect  .     (no cloak)
rCorr  .         Harm     .     (no gloves)
MR     .....                    (no boots)
Stlth  ..........               (no amulet)
                                (no ring)
                                (no ring)

@: exhausted, slowed, very slow
A: negative energy resistance 1, electricity resistance, unbreathing,
petrification resistance, rot immunity, AC +4
a: Berserk, Trog's Hand, Burn Spellbooks, Renounce Religion


You were on level 3 of the Dungeon.
You worshipped Trog.
Trog was pleased with you.
You were very hungry.

You visited 1 branch of the dungeon, and saw 3 of its levels.

You collected 113 gold pieces.

Inventory:

Hand Weapons
 a - a +0 hand axe (weapon)
Armour
 b - a +0 animal skin
 w - a +0 ring mail (worn)
Jewellery
 d - an uncursed amulet of magic regeneration {unknown}
 m - an uncursed amulet of guardian spirit {unknown}
Scrolls
 g - a scroll of random uselessness {unknown}
 h - a scroll of magic mapping {unknown}
 l - 2 scrolls of identify {unknown}
 n - 2 scrolls of remove curse {unknown}
 o - a scroll of blinking {unknown}
 r - 2 scrolls of amnesia {unknown}
 s - 2 scrolls of fear {unknown}
 t - a scroll of teleportation {unknown}
Potions
 e - a potion of flight {unknown}
 f - a potion of agility {unknown}
 i - 2 potions of lignification {unknown}
 j - 3 potions of brilliance {unknown}
 u - a potion of cure mutation {unknown}
 v - a potion of heal wounds {unknown}
Books
 p - a book of Changes

   Spells                             Type                      Level
   a - Beastly Appendage              Transmutation                1
   b - Sticks to Snakes               Transmutation                2
   c - Spider Form                    Transmutation/Poison         3
   d - Ice Form                       Ice/Transmutation            4
   e - Blade Hands                    Transmutation                5
   Trog disapproves of the use of such an item.
Comestibles
 c - 2 bread rations
 k - a meat ration
 q - a royal jelly
 x - a chunk of flesh


   Skills:
 + Level 4.2 Fighting
 + Level 3.4 Axes
 + Level 3.5 Armour
 + Level 2.7 Dodging


You had 4 spell levels left.
You didn't know any spells.

Dungeon Overview and Level Annotations

Branches:
Dungeon (3/15)

Altars:
Ashenzari
Dithmenos
Fedhas

Annotations:
D:3 Grinder


Innate Abilities, Weirdness & Mutations

You are resistant to torment.
Your stone body is resilient. (AC +4)
You are immune to poison.
You resist negative energy. (rN+)
You are resistant to electric shocks. (rElec)
You can survive without breathing.
You are immune to petrification.
You are immune to rotting.


Message History

You are too injured to fight recklessly!
You are too injured to fight recklessly!
You are too injured to fight recklessly!
You feel a strong urge to attack something.
You are no longer berserk.
You are exhausted.
You feel yourself slow down. Grinder hits you but does no damage.
You closely miss Grinder.
Grinder is lightly wounded.
Grinder closely misses you. Grinder hits you but does no damage.
Items here: ) [[ †† a spear; an animal skin; a helmet; a worker ant corpse the hobgoblin corpse of Robin Grinder gestures at you.
Pain shoots through your body!
* * * LOW HITPOINT WARNING * * *
Grinder hits you.
* * * LOW HITPOINT WARNING * * *
You writhe in agony.
You die...

#.## ...# #..## ..)
####.#.### .........##
.###'###)†# #.# #5)#
#.###.###@.#
#.###_.)'))###
#.###.###....# #.#
#..#.####
#.###'###.......# #
#.........##.##.#####
.........#.####.##.....#
#.##..#.#......######.#
#.......######## #.#


You could see Grinder.

Vanquished Creatures
  2 worker ants (D:3)
  Robin (D:3)
  A gnoll (D:1)
  3 adders
  A worm (D:2)
  3 dart slugs (D:1)
  5 leopard geckos
  2 giant cockroaches (D:1)
  9 hobgoblins
  2 kobolds (D:1)
  A quokka (D:2)
  7 bats
  A frilled lizard (D:1)
  14 goblins
  2 rats (D:1)
54 creatures vanquished.

Notes
Turn   | Place    | Note
-------+----------+-------------------------------------------
     0 | D:1      | nikopol the Gargoyle Berserker began the quest for the Orb.
     0 | D:1      | Reached XP level 1. HP: 14/14 MP: 1/1
   144 | D:1      | Reached XP level 2. HP: 2/19 MP: 2/2
   802 | D:1      | Reached XP level 3. HP: 15/23 MP: 3/3
  1390 | D:2      | Found a blossoming altar of Fedhas.
  1968 | D:2      | Reached ** piety under Trog
  2003 | D:2      | Reached XP level 4. HP: 28/29 MP: 4/4
  2263 | D:3      | Reached skill level 4 in Fighting
  2268 | D:3      | Found a shattered altar of Ashenzari.
  2352 | D:3      | Reached XP level 5. HP: 33/33 MP: 5/5
  2364 | D:3      | Found a shadowy altar of Dithmenos.
  2383 | D:3      | Noticed Robin
  2394 | D:3      | Noticed Grinder
  2395 | D:3      | Killed Robin
  2415 | D:3      | HP: 1/33 [Grinder (6)]
  2415 | D:3      | Slain by Grinder

Skill      XL: |  1  2  3  4 |
---------------+-------------+-----
Dodging        | 2 |  2.7
Axes           | 3 |  3.4
Armour         | 3 |  3.5
Fighting       | 4 |  4.2

Action                   |  1- 3 |  4- 6 || total
-------------------------+-------+-------++-------
Melee: Hand axe          |    95 |    74 ||   169
Invok: Berserk           |     2 |     1 ||     3
  Eat: Chunk             |     4 |     2 ||     6
Armor: Animal skin       |    29 |     2 ||    31
       Ring mail         |       |    33 ||    33
Dodge: Dodged            |    85 |    54 ||   139
